TOP OF THE 1ST |
Texas Tech Red Raiders batting - Pitching for Texas Christian Horned Frogs : RHP Jesús Moreno
|
Pitching: RHP Jesús Moreno
|
|
Batting: LHB Cristóbal Gómez
|
0-0: Swinging Strike 0-1: Swinging Strike 0-2: Strikes out swinging
|
Batting: LHB Micheal Morgan
|
0-0: Ball 1-0: Ball 2-0: Foul Ball, location: 2F 2-1: Ball 3-1: Called Strike 3-2: Strikes out swinging passed ball, reaches first!
|
Batting: RHB Luis Martínez
|
0-0: Ball 1-0: Ball 2-0: Called Strike 2-1: Ball 3-1: Foul Ball, location: 2F 3-2: Foul Ball, location: 2F 3-2: Foul Ball, location: 2F 3-2: Foul Ball, location: 2F 3-2: Base on Balls Micheal Morgan to second
|
Batting: RHB Walton Smith
|
0-0: Called Strike 0-1: Ball 1-1: Ball 2-1: Swinging Strike 2-2: Strikes out looking
|
Batting: LHB Albert Cardona
|
0-0: Called Strike 0-1: Foul Ball, location: 2F 0-2: Fly out, F8 (Flyball, 8LM)
|
Top of the 1st over - 0 run(s), 0 hit(s), 0 error(s), 2 left on base; Texas Tech 0 - Texas Christian 0 |
BOTTOM OF THE 1ST |
Texas Christian Horned Frogs batting - Pitching for Texas Tech Red Raiders : RHP Valentín Mejía
|
Pitching: RHP Valentín Mejía
|
|
Batting: LHB Miguel Martínez
|
0-0: Called Strike 0-1: Ball 1-1: Ball 2-1: SINGLE (Line Drive, 8LS)
|
Batting: RHB Dave Anderson
|
0-0: SINGLE (Groundball, 25) (infield hit) Miguel Martínez to second
|
Batting: RHB Brett Murphy
|
0-0: Ball 1-0: 3-RUN HOME RUN (Flyball, 78XD), Distance : 427 ft
|
Batting: LHB Brenton Carter
|
0-0: Ball 1-0: Called Strike 1-1: Ball 2-1: Ball 3-1: Called Strike 3-2: Foul Ball, location: 2F 3-2: Strikes out swinging
|
Batting: RHB Anthony Walsh
|
0-0: Called Strike 0-1: Ball 1-1: Foul Ball, location: 2F 1-2: Ball 2-2: Strikes out swinging
|
Batting: RHB Greg Carpenter
|
0-0: Ball 1-0: Ground out 1-3 (Groundball, 34S)
|
Bottom of the 1st over - 3 run(s), 3 hit(s), 0 error(s), 0 left on base; Texas Tech 0 - Texas Christian 3 |
TOP OF THE 2ND |
Texas Tech Red Raiders batting - Pitching for Texas Christian Horned Frogs : RHP Jesús Moreno
|
Batting: RHB Doug Williams
|
0-0: Fly out, F9 (Flyball, 89S)
|
Batting: RHB Oliver Todd
|
0-0: Called Strike 0-1: Foul Ball, location: 2F 0-2: Ball 1-2: Ball 2-2: Fly out, F8 (Flyball, 8LXD)
|
Batting: RHB Steven Hill
|
0-0: Ball 1-0: Foul Ball, location: 2F 1-1: Ground out 6-3 (Groundball, 6M)
|
Top of the 2nd over - 0 run(s), 0 hit(s), 0 error(s), 0 left on base; Texas Tech 0 - Texas Christian 3 |
BOTTOM OF THE 2ND |
Texas Christian Horned Frogs batting - Pitching for Texas Tech Red Raiders : RHP Valentín Mejía
|
Batting: LHB Garrett Cabrera
|
0-0: Called Strike 0-1: Foul Ball, location: 2F 0-2: Ball 1-2: Foul Ball, location: 2F 1-2: Strikes out looking
|
Batting: LHB Brandon Bingham
|
0-0: Foul Ball, location: 2F 0-1: Ball 1-1: Ball 2-1: Fly out, F7 (Popup, 5DF)
|
Batting: LHB Dave Green
|
0-0: Foul Ball, location: 2F 0-1: Fly out, F7 (Flyball, 78M)
|
Bottom of the 2nd over - 0 run(s), 0 hit(s), 0 error(s), 0 left on base; Texas Tech 0 - Texas Christian 3 |
TOP OF THE 3RD |
Texas Tech Red Raiders batting - Pitching for Texas Christian Horned Frogs : RHP Jesús Moreno
|
Batting: RHB Bruce Jones
|
0-0: Called Strike 0-1: Ball 1-1: Ball 2-1: Ball 3-1: Ground out 6-3 (Groundball, 6M)
|
Batting: LHB Cristóbal Gómez
|
0-0: Ball 1-0: Foul Ball, location: 2F 1-1: Foul Ball, location: 2F 1-2: Strikes out looking
|
Batting: LHB Micheal Morgan
|
0-0: Called Strike 0-1: Ball 1-1: Foul Ball, location: 2F 1-2: Ground out 4-3 (Groundball, 4)
|
Top of the 3rd over - 0 run(s), 0 hit(s), 0 error(s), 0 left on base; Texas Tech 0 - Texas Christian 3 |
BOTTOM OF THE 3RD |
Texas Christian Horned Frogs batting - Pitching for Texas Tech Red Raiders : RHP Valentín Mejía
|
Batting: LHB Miguel Martínez
|
0-0: Ball 1-0: Called Strike 1-1: SINGLE (Groundball, 34D)
|
Batting: RHB Dave Anderson
|
0-0: Ball 1-0: SINGLE (Flyball, 9LS) Miguel Martínez to second Runner from 2nd tries for 3rd, SAFE, no throw or cutoff
|
Batting: RHB Brett Murphy
|
0-0: Grounds into double play, U6-3 (Groundball, 6M) Miguel Martínez scores
|
Batting: LHB Brenton Carter
|
0-0: Ball 1-0: Ball 2-0: Ball 3-0: Ground out 4-3 (Groundball, 4)
|
Bottom of the 3rd over - 1 run(s), 2 hit(s), 0 error(s), 0 left on base; Texas Tech 0 - Texas Christian 4 |
TOP OF THE 4TH |
Texas Tech Red Raiders batting - Pitching for Texas Christian Horned Frogs : RHP Jesús Moreno
|
Batting: RHB Luis Martínez
|
0-0: Foul Ball, location: 2F 0-1: Foul Ball, location: 2F 0-2: Ball 1-2: Ball 2-2: Ball 3-2: SOLO HOME RUN (Flyball, 89D), Distance : 400 ft
|
Batting: RHB Walton Smith
|
0-0: Called Strike 0-1: Ground out 6-3 (Groundball, 56)
|
Batting: LHB Albert Cardona
|
0-0: Swinging Strike 0-1: Ball 1-1: Foul Ball, location: 2F 1-2: Ball 2-2: Foul Ball, location: 2F 2-2: Strikes out looking
|
Batting: RHB Doug Williams
|
0-0: Called Strike 0-1: Ball 1-1: Ground out 5-3 (Groundball, 56)
|
Top of the 4th over - 1 run(s), 1 hit(s), 0 error(s), 0 left on base; Texas Tech 1 - Texas Christian 4 |
BOTTOM OF THE 4TH |
Texas Christian Horned Frogs batting - Pitching for Texas Tech Red Raiders : RHP Valentín Mejía
|
Batting: RHB Anthony Walsh
|
0-0: Ball 1-0: Called Strike 1-1: Ground out 6-3 (Groundball, 6S)
|
Batting: RHB Greg Carpenter
|
0-0: Reached on error, E6 (Groundball, 6)
|
Batting: LHB Garrett Cabrera
|
0-0: Ball Greg Carpenter is caught stealing 2nd base 1-0: Ball 2-0: Foul Ball, location: 2F 2-1: Ball 3-1: Called Strike 3-2: Foul Ball, location: 2F 3-2: Strikes out looking
|
Bottom of the 4th over - 0 run(s), 0 hit(s), 1 error(s), 0 left on base; Texas Tech 1 - Texas Christian 4 |
TOP OF THE 5TH |
Texas Tech Red Raiders batting - Pitching for Texas Christian Horned Frogs : RHP Jesús Moreno
|
Batting: RHB Oliver Todd
|
0-0: Ball 1-0: Ball 2-0: Ball 3-0: Base on Balls
|
Batting: RHB Steven Hill
|
0-0: Called Strike 0-1: Grounds into double play, 6-4-3 (Groundball, 6M)
|
Batting: RHB Bruce Jones
|
0-0: Called Strike 0-1: Ball 1-1: DOUBLE (Line Drive, 5)
|
Batting: LHB Cristóbal Gómez
|
0-0: Foul Ball, location: 2F 0-1: Ball 1-1: Ball 2-1: Swinging Strike Passed Ball! Bruce Jones to third 2-2: Ball 3-2: Foul Ball, location: 2F 3-2: Strikes out swinging
|
Top of the 5th over - 0 run(s), 1 hit(s), 0 error(s), 1 left on base; Texas Tech 1 - Texas Christian 4 |
BOTTOM OF THE 5TH |
Texas Christian Horned Frogs batting - Pitching for Texas Tech Red Raiders : RHP Valentín Mejía
|
Batting: LHB Brandon Bingham
|
0-0: Ball 1-0: Ball 2-0: Ground out 4-3 (Groundball, 34)
|
Batting: LHB Dave Green
|
0-0: Foul Ball, location: 2F 0-1: Swinging Strike 0-2: Ball 1-2: Ball 2-2: Foul Ball, location: 2F 2-2: Strikes out swinging
|
Batting: LHB Miguel Martínez
|
0-0: SINGLE (Groundball, 34D)
|
Batting: RHB Dave Anderson
|
0-0: Foul Ball, location: 2F 0-1: Ball 1-1: Fly out, F7 (Flyball, 7S)
|
Bottom of the 5th over - 0 run(s), 1 hit(s), 0 error(s), 1 left on base; Texas Tech 1 - Texas Christian 4 |
TOP OF THE 6TH |
Texas Tech Red Raiders batting - Pitching for Texas Christian Horned Frogs : RHP Jesús Moreno
|
Pitching: RHP Juan Vigil
|
|
Batting: LHB Micheal Morgan
|
0-0: Ball 1-0: Foul Ball, location: 2F 1-1: Swinging Strike 1-2: Strikes out swinging
|
Batting: RHB Luis Martínez
|
0-0: Foul Ball, location: 2F 0-1: Foul Ball, location: 2F 0-2: Strikes out swinging
|
Batting: RHB Walton Smith
|
0-0: Ball 1-0: Ground out 6-3 (Groundball, 6)
|
Top of the 6th over - 0 run(s), 0 hit(s), 0 error(s), 0 left on base; Texas Tech 1 - Texas Christian 4 |
BOTTOM OF THE 6TH |
Texas Christian Horned Frogs batting - Pitching for Texas Tech Red Raiders : RHP Valentín Mejía
|
Batting: RHB Brett Murphy
|
0-0: Called Strike 0-1: Ball 1-1: Swinging Strike 1-2: Ball 2-2: Ball 3-2: Base on Balls
|
Batting: LHB Brenton Carter
|
0-0: Called Strike 0-1: Ball 1-1: Foul Ball, location: 2F 1-2: Foul Ball, location: 2F 1-2: Strikes out swinging
|
Batting: RHB Anthony Walsh
|
0-0: Called Strike 0-1: Foul Ball, location: 2F 0-2: Ball 1-2: Ball 2-2: Ball 3-2: Grounds into double play, 3-6-3 (Groundball, 3)
|
Bottom of the 6th over - 0 run(s), 0 hit(s), 0 error(s), 0 left on base; Texas Tech 1 - Texas Christian 4 |
TOP OF THE 7TH |
Texas Tech Red Raiders batting - Pitching for Texas Christian Horned Frogs : RHP Juan Vigil
|
Batting: LHB Albert Cardona
|
0-0: Called Strike 0-1: Swinging Strike 0-2: Foul Ball, location: 2F 0-2: Foul Ball, location: 2F 0-2: Ball 1-2: Foul Ball, location: 2F 1-2: SINGLE (Groundball, 6MD)
|
Batting: RHB Doug Williams
|
0-0: Called Strike 0-1: Called Strike 0-2: Ball 1-2: Ball 2-2: SINGLE (Flyball, 8LS) Albert Cardona to second Runner from 2nd tries for 3rd, SAFE, no throw or cutoff
|
Batting: RHB Oliver Todd
|
0-0: Grounds into double play, 6-4-3 (Groundball, 6) Albert Cardona scores
|
Batting: RHB Steven Hill
|
0-0: Called Strike 0-1: Ball 1-1: Called Strike 1-2: SINGLE (Line Drive, 89M)
|
Batting: RHB Bruce Jones
|
0-0: Foul Ball, location: 2F 0-1: Called Strike 0-2: Strikes out swinging
|
Top of the 7th over - 1 run(s), 3 hit(s), 0 error(s), 1 left on base; Texas Tech 2 - Texas Christian 4 |
BOTTOM OF THE 7TH |
Texas Christian Horned Frogs batting - Pitching for Texas Tech Red Raiders : RHP Valentín Mejía
|
Pitching: RHP Joe Allen
|
|
Batting: RHB Greg Carpenter
|
0-0: Ball 1-0: Called Strike 1-1: Swinging Strike 1-2: Ball 2-2: Strikes out swinging
|
Batting: LHB Garrett Cabrera
|
0-0: Ball 1-0: Ball 2-0: DOUBLE (Line Drive, 78M)
|
Batting: LHB Brandon Bingham
|
0-0: Intentional Walk
|
Pinch Hitting: RHB Cristo Souza
|
0-0: Called Strike 0-1: Swinging Strike 0-2: Foul Ball, location: 2F 0-2: Strikes out looking
|
Batting: LHB Miguel Martínez
|
0-0: Called Strike Single, Error in OF, E7, batter to second base Garrett Cabrera scores Brandon Bingham to third
|
Batting: RHB Dave Anderson
|
0-0: Called Strike 0-1: Swinging Strike 0-2: Ground out 4-3 (Groundball, 4M)
|
Bottom of the 7th over - 1 run(s), 2 hit(s), 1 error(s), 2 left on base; Texas Tech 2 - Texas Christian 5 |
TOP OF THE 8TH |
Texas Tech Red Raiders batting - Pitching for Texas Christian Horned Frogs : RHP Juan Vigil
|
Pitching: RHP Tony Collins
|
|
Now in CF: Hank Williams
|
|
Batting: LHB Cristóbal Gómez
|
0-0: Foul Ball, location: 2F 0-1: SINGLE (Flyball, 8RS)
|
Pitching: LHP Ralph Slater
|
|
Batting: LHB Micheal Morgan
|
0-0: Swinging Strike 0-1: Ball 1-1: Ball 2-1: Swinging Strike 2-2: Strikes out swinging
|
Pitching: RHP Ralph Lambert
|
|
Batting: RHB Luis Martínez
|
0-0: Foul Ball, location: 2F 0-1: 2-RUN HOME RUN (Flyball, 78XD), Distance : 438 ft
|
Batting: RHB Walton Smith
|
0-0: Ball 1-0: Ball 2-0: Ball 3-0: Called Strike 3-1: Fly out, F9 (Flyball, 9LS)
|
Batting: LHB Albert Cardona
|
0-0: Ground out 4-3 (Groundball, 4)
|
Top of the 8th over - 2 run(s), 2 hit(s), 0 error(s), 0 left on base; Texas Tech 4 - Texas Christian 5 |
BOTTOM OF THE 8TH |
Texas Christian Horned Frogs batting - Pitching for Texas Tech Red Raiders : RHP Joe Allen
|
Batting: RHB Brett Murphy
|
0-0: Ball 1-0: Ball 2-0: Ball 3-0: Base on Balls
|
Batting: LHB Brenton Carter
|
0-0: Ball 1-0: DOUBLE (Line Drive, 89M) Brett Murphy to third
|
Batting: RHB Anthony Walsh
|
0-0: Swinging Strike 0-1: Ball 1-1: Foul Ball, location: 2F 1-2: Foul Ball, location: 2F 1-2: SINGLE (Groundball, 34D) Brett Murphy scores Brenton Carter to third
|
Pitching: RHP Hugh Polk
|
|
Batting: RHB Greg Carpenter
|
0-0: Ball 1-0: Ground out 5-3 (Groundball, 5S) Anthony Walsh to second
|
Batting: LHB Garrett Cabrera
|
0-0: Intentional Walk
|
Batting: LHB Brandon Bingham
|
0-0: Ball 1-0: Swinging Strike 1-1: Ball 2-1: Called Strike 2-2: Strikes out swinging
|
Batting: RHB Hank Williams
|
0-0: Ball 1-0: Ball 2-0: SINGLE (Flyball, 9M) Brenton Carter scores Anthony Walsh to third Garrett Cabrera to second Runner from 3rd tries for Home, SAFE, no throw or cutoff
|
Batting: LHB Miguel Martínez
|
0-0: DOUBLE (Flyball, 9LM) Garrett Cabrera scores Hank Williams to third Runner from 3rd tries for Home, SAFE, no throw or cutoff
|
Pitching: RHP Alan Bailey
|
|
Batting: RHB Dave Anderson
|
0-0: Ground out 6-3 (Groundball, 6)
|
Bottom of the 8th over - 5 run(s), 4 hit(s), 0 error(s), 1 left on base; Texas Tech 4 - Texas Christian 10 |
TOP OF THE 9TH |
Texas Tech Red Raiders batting - Pitching for Texas Christian Horned Frogs : RHP Ralph Lambert
|
Batting: RHB Doug Williams
|
0-0: Ball 1-0: Ball 2-0: Ball 3-0: SINGLE (Flyball, 78M)
|
Batting: RHB Oliver Todd
|
0-0: Foul Ball, location: 2F 0-1: Ball 1-1: Ball 2-1: Foul Ball, location: 2F 2-2: Strikes out swinging
|
Batting: RHB Steven Hill
|
0-0: Called Strike 0-1: Foul Ball, location: 2F 0-2: Foul Ball, location: 2F 0-2: SINGLE (Groundball, 6M) Doug Williams to second
|
Batting: RHB Bruce Jones
|
0-0: Ground out 6-3 (Groundball, 6MS) Doug Williams to third Steven Hill to second
|
Batting: LHB Cristóbal Gómez
|
0-0: Ball 1-0: Ball 2-0: Ball 3-0: Called Strike 3-1: Base on Balls
|
Batting: LHB Micheal Morgan
|
0-0: Ball 1-0: Ball 2-0: Called Strike 2-1: Foul Ball, location: 2F 2-2: Foul Ball, location: 2F 2-2: Strikes out swinging
|
Top of the 9th over - 0 run(s), 2 hit(s), 0 error(s), 3 left on base; Texas Tech 4 - Texas Christian 10 |
|